 Dungeon Crawl Stone Soup version 0.22.1-1-ga44c0e56f4 (webtiles) character file.

77 Nygeryga the Cudgeler (level 4, -4/40 HPs)
             Began as a Minotaur Berserker on Nov 10, 2018.
             Was a Believer of Trog.
             Killed from afar by Sigmund (10 damage)
             ... with a magic dart
             ... on level 2 of the Dungeon.
             The game lasted 00:03:56 (1531 turns).

Nygeryga the Cudgeler (Minotaur Berserker)          Turns: 1531, Time: 00:03:56

Health: -4/40      AC:  5    Str: 22    XL:     4   Next: 13%
Magic:  3/3        EV: 11    Int:  4    God:    Trog [**....]
Gold:   93         SH:  0    Dex: 10    Spells: 3/3 levels left

rFire    . . .     SeeInvis .   a - +0 mace
rCold    . . .     Gourm    .   (no shield)
rNeg     . . .     Faith    .   h - +0 ring mail
rPois    .         Spirit   .   (helmet restricted)
rElec    .         Reflect  .   (no cloak)
rCorr    .         Harm     .   (no gloves)
MR       .....                  (no boots)
Stlth    ..........             (no amulet)
HPRegen  0.13/turn              (no ring)
MPRegen  0.08/turn              (no ring)

@: no status effects
A: retaliatory headbutt, horns 2
a: Berserk, Trog's Hand, Renounce Religion


You were on level 2 of the Dungeon.
You worshipped Trog.
Trog was pleased with you.
You were not hungry.

You visited 1 branch of the dungeon, and saw 2 of its levels.

You collected 93 gold pieces.

Inventory:

Hand Weapons
 a - a +0 mace (weapon)
Armour
 b - a +0 animal skin
 h - a +0 ring mail (worn)
Scrolls
 g - 2 scrolls of immolation {unknown}
 l - a scroll of blinking {unknown}
 m - a scroll of identify {unknown}
 n - a scroll of fear {unknown}
 o - a scroll of amnesia {unknown}
Potions
 e - a potion of degeneration {unknown}
 f - 2 potions of flight {unknown}
 i - 3 potions of haste {unknown}
 j - 3 potions of curing {unknown}
 k - a potion of might {unknown}
Comestibles
 c - 4 rations


   Skills:
 + Level 4.1 Fighting
 * Level 5.7 Maces & Flails
 - Level 2.4 Armour
 - Level 2.1 Dodging
 + Level 0.1 Stealth


You had 3 spell levels left.
You didn't know any spells.
Your spell library was empty.

Dungeon Overview and Level Annotations

Branches:
Dungeon (2/15)

Altars:
Sif Muna

Annotations:
D:2 1 runed door, Sigmund


Innate Abilities, Weirdness & Mutations

You reflexively headbutt those who attack you in melee.
You have a pair of horns on your head.


Message History

Sigmund closely misses you. Sigmund gestures at you while chanting.
The magic dart hits you! Sigmund gestures at you while chanting.
You are confused.
You bump into the rock wall.
Sigmund hits you from afar with a scythe.
You bump into the rock wall.
You bump into the rock wall.
You feel less confused. Sigmund completely misses you.
Sigmund points at you and mumbles some strange words.
The magic dart hits you!
* * * LOW HITPOINT WARNING * * *
Sigmund points at you and mumbles some strange words.
The puff of flame hits you!
* * * LOW HITPOINT WARNING * * *
Sigmund gestures at you while chanting. The magic dart hits you!
You die...

.♣♣ ♣♣#
####### ♣♣
#.....#
#@###.# #.#
#.# ###### #.#
#.# ....>. #.#
#.#### .#####
#.# #@##<# .#
#.# #.##.# .#
#@# #.##.# .#
#.# #.##.# .#
#.# #.##.# ##
#.# #.##.# ##
#÷# #.##.# .#
#.# #.##.# .#
#.# #.##.###
.# ###
###.###.#....#
.# ..#
#..((...####.#


You could see Sigmund.

Vanquished Creatures
  3 adders (D:2)
  An ooze (D:2)
  A worm (D:2)
  2 dart slugs
  6 bats
  2 giant cockroaches (D:1)
  7 goblins
  5 hobgoblins
  2 frilled lizards
  7 kobolds
  5 rats
41 creatures vanquished.

Notes
Turn   | Place    | Note
-------+----------+-------------------------------------------
     0 | D:1      | Nygeryga the Minotaur Berserker began the quest for the
                  | Orb.
     0 | D:1      | Reached XP level 1. HP: 19/19 MP: 0/0
   120 | D:1      | Reached skill level 4 in Maces & Flails
   177 | D:1      | Reached XP level 2. HP: 27/27 MP: 1/1
   675 | D:2      | Reached skill level 5 in Maces & Flails
   675 | D:2      | Reached XP level 3. HP: 33/33 MP: 2/2
   731 | D:2      | Reached ** piety under Trog
  1208 | D:2      | Found a runed door.
  1244 | D:2      | Found a deep blue altar of Sif Muna.
  1253 | D:2      | Reached XP level 4. HP: 40/40 MP: 3/3
  1474 | D:2      | Noticed Sigmund
  1531 | D:2      | Killed from afar by Sigmund

Skill      XL: |  1  2  3 |
---------------+----------+-----
Maces & Flails | 4 5 |  5.7
Fighting       | 4 |  4.1
Armour         | |  2.4
Dodging        | |  2.1
Stealth        | |  0.1

Action                   |  1- 3 |  4- 6 || total
-------------------------+-------+-------++-------
Melee: Mace              |    67 |    16 ||    83
       Headbutt          |     8 |       ||     8
 Stab: Sleeping          |     1 |       ||     1
  Eat: Chunk             |     1 |     1 ||     2
Armor: Ring mail         |    26 |     8 ||    34
       Animal skin       |     1 |       ||     1
Dodge: Dodged            |    51 |     9 ||    60
